[Event "Titled Tuesday Blitz May 10 Early 2022"]
[White "Sharbaf, Mohsen"]
[Black "Moskvin, Anatoly"]
[WhiteFideId "12501808"]
[BlackFideId "24199990"]
[WhiteElo "2187"]
[BlackElo "2079"]
[Result "1-0"]
[Round "05"]
[TimeControl "180+1"]
[Date "2022.05.11"]
[WhiteClock "0:00:17"]
[BlackClock "0:00:02"]

1. c4 e6 2. Nf3 d5 3. g3 c6 4. Bg2 Nd7 5. O-O dxc4 6. a4 Ngf6 7. Qc2 a5 8. Qxc4 Be7 9. d4 Nb6 10. Qd3 O-O 11. Nc3 Nbd5 12. e4 Nb4 13. Qe2 b6 14. Rd1 Ba6 15. Qd2 c5 16. d5 exd5 17. exd5 Bd6 18. Nb5 Re8 19. b3 Ne4 20. Qb2 Bxb5 21. axb5 Ra7 22. Be3 Rae7 23. Rac1 Qd7 24. Nd2 Nd3 25. Qc2 Nexf2 26. Bxf2 Nxf2 27. Kxf2 Re2+ 28. Kg1 Qg4 29. Qc4 Qg5 30. Qd3 R8e3 31. Ne4 Qg6 32. Qb1 Rxg2+ 33. Kxg2 Rxe4 34. Re1 f5 35. Rxe4 fxe4 36. Re1 Kf7 37. Qxe4 Qxe4+ 38. Rxe4 g6 39. Re6 Bc7 40. Rc6 Bd8 41. Kf3 Ke7 42. Ke4 Kd7 43. d6 Bf6 44. Kd5 Bd8 45. h3 h6 46. h4 h5 47. Ke5 g5 48. hxg5 Bxg5 49. Rxb6 h4 50. gxh4 Bxh4 51. Kd5 Bg3 52. Rb7+ Kc8 53. Kc6 c4 54. bxc4 a4 55. d7+ Kd8 56. Ra7 a3 57. Rxa3 1-0


[Site "https://www.chess.com"]

[Event "Titled Tuesday Blitz May 10 Early 2022"]
[White "Shashikant, Kutwal"]
[Black "Ardila, Oscar Humberto"]
[WhiteFideId "5006520"]
[BlackFideId "4404742"]
[WhiteElo "2321"]
[BlackElo "1928"]
[Result "1-0"]
[Round "05"]
[TimeControl "180+1"]
[Date "2022.05.11"]
[WhiteClock "0:00:18"]
[BlackClock "0:00:06"]

1. e4 e5 2. Nf3 Nf6 3. Nxe5 d6 4. Nf3 Nxe4 5. Nc3 Nxc3 6. dxc3 Be7 7. Be3 O-O 8. Qd2 Nd7 9. O-O-O Nf6 10. h4 c6 11. h5 Qa5 12. Kb1 Be6 13. b3 Ne4 14. Qe1 Nxc3+ 15. Kc1 Qa3+ 16. Kd2 Nxd1 17. Qxd1 Qxa2 18. Bd3 Bf6 19. Nd4 Qa5+ 20. Ke2 Rfe8 21. Kf1 h6 22. Nxe6 Rxe6 23. Rh3 Rae8 24. Qg4 Qa1+ 25. Ke2 Re5 26. f4 R5e6 27. Qf5 Rxe3+ 28. Rxe3 Rxe3+ 29. Kxe3 Qe1+ 30. Kf3 Qd1+ 31. Ke3 Qe1+ 32. Kf3 d5 33. Qc8+ 1-0


[Site "https://www.chess.com"]

[Event "Titled Tuesday Blitz May 10 Early 2022"]
[White "Shtyka, Sergey"]
[Black "Fajdetic, Hrvoje"]
[WhiteFideId "4138465"]
[BlackFideId "14501945"]
[WhiteElo "2014"]
[BlackElo "2172"]
[Result "1-0"]
[Round "05"]
[TimeControl "180+1"]
[Date "2022.05.11"]
[WhiteClock "0:00:27"]
[BlackClock "0:00:05"]

1. e4 c5 2. Nf3 g6 3. d4 cxd4 4. Nxd4 Bg7 5. Nc3 Nc6 6. Nb3 Nf6 7. Be2 a6 8. O-O b5 9. a3 Bb7 10. f3 O-O 11. Be3 Rc8 12. Nc5 Qb6 13. Bf2 Qc7 14. Nxb7 Qxb7 15. Qd2 Ne5 16. Rad1 Nc4 17. Bxc4 Rxc4 18. e5 Nh5 19. Qxd7 Qxd7 20. Rxd7 Bxe5 21. Rxe7 Bxc3 22. bxc3 Rxc3 23. Ra7 Rxc2 24. Rxa6 Nf4 25. Rd1 Re8 26. Rf6 g5 27. h4 h6 28. hxg5 hxg5 29. Rf5 Ree2 30. Rxg5+ Kf8 31. Be1 Rxg2+ 32. Rxg2 Rxg2+ 33. Kf1 Ra2 34. Bb4+ Kg7 35. Rd4 Ne6 36. Rd5 Kg6 37. Rxb5 Nd4 38. Rb6+ Kf5 39. f4 Ke4 40. Bc5 Kf3 41. Bxd4 Rd2 42. Bc3 Rf2+ 43. Ke1 Re2+ 44. Kd1 Re3 45. Kc2 1-0


[Site "https://www.chess.com"]

[Event "Titled Tuesday Blitz May 10 Early 2022"]
[White "Shyaamnikhil P"]
[Black "Samadov, Read"]
[WhiteFideId "5024218"]
[BlackFideId "13417444"]
[WhiteElo "2329"]
[BlackElo "2084"]
[Result "0-1"]
[Round "05"]
[TimeControl "180+1"]
[Date "2022.05.10"]
[WhiteClock "0:00:12"]
[BlackClock "0:01:15"]

1. d4 Nf6 2. Nf3 e6 3. c4 d5 4. Nc3 Bb4 5. Qa4+ Nc6 6. e3 O-O 7. Qc2 dxc4 8. Bxc4 Bd6 9. Bd2 a6 10. O-O e5 11. dxe5 Nxe5 12. Nxe5 Bxe5 13. f4 Bd6 14. Kh1 b5 15. Be2 Bb7 16. Bf3 Bxf3 17. Rxf3 Re8 18. e4 b4 19. e5 bxc3 20. Bxc3 Nd5 21. exd6 cxd6 22. Qd2 Nxc3 23. Rxc3 Rb8 24. b3 Qf6 25. Rd1 Re4 26. Qc2 Qe6 27. g3 Re8 28. Rf3 Re2 29. Qc4 Qh3 0-1


[Site "https://www.chess.com"]

[Event "Titled Tuesday Blitz May 10 Early 2022"]
[White "Silva, Winston Joseph R"]
[Black "Needleman, Alejandro"]
[WhiteFideId "5210542"]
[BlackFideId "100730"]
[WhiteElo "1995"]
[BlackElo "2343"]
[Result "0-1"]
[Round "05"]
[TimeControl "180+1"]
[Date "2022.05.11"]
[WhiteClock "0:00:13"]
[BlackClock "0:02:09"]

1. e4 c5 2. Nf3 e6 3. d4 cxd4 4. c3 d3 5. Bxd3 Nc6 6. Bc4 d6 7. Qe2 Nf6 8. O-O e5 9. Rd1 Bg4 10. h3 Bh5 11. Bg5 Be7 12. Na3 a6 13. Rd2 O-O 14. Rad1 b5 15. Bb3 b4 16. Bxf6 Bxf6 17. Rxd6 Qc7 18. cxb4 Nd4 19. R1xd4 exd4 20. Rxf6 gxf6 21. Qd2 Bxf3 22. gxf3 Qe5 23. Qh6 Qg5+ 24. Qxg5+ fxg5 25. Nc4 0-1


[Site "https://www.chess.com"]

[Event "Titled Tuesday Blitz May 10 Early 2022"]
[White "Simonovic, Miroslav"]
[Black "Petrova, Irina"]
[WhiteFideId "919152"]
[BlackFideId "14124122"]
[WhiteElo "2043"]
[BlackElo "1993"]
[Result "1-0"]
[Round "05"]
[TimeControl "180+1"]
[Date "2022.05.11"]
[WhiteClock "0:00:02"]
[BlackClock "0:00:01"]

1. d4 d6 2. Bg5 g6 3. h4 h5 4. e3 Bg7 5. c4 c5 6. Nf3 cxd4 7. exd4 Nf6 8. Nc3 O-O 9. Bd3 Nc6 10. a3 Bg4 11. Qc2 Bxf3 12. gxf3 Nxd4 13. Qd1 Nc6 14. Be3 Rc8 15. Qe2 Nd7 16. O-O-O Nce5 17. f4 Nxd3+ 18. Qxd3 Nc5 19. Qc2 a6 20. f5 b5 21. fxg6 fxg6 22. Qxg6 Qe8 23. Qg2 Na4 24. Nxa4 bxa4 25. Kb1 Rxc4 26. Rhg1 Rg4 27. Qd5+ Qf7 28. Rxg4 hxg4 29. Qxf7+ Kxf7 30. Rg1 Rb8 31. Bc1 d5 32. Rxg4 d4 33. h5 d3 34. h6 Bf6 35. Rb4 Rd8 36. Bd2 Rd5 37. Rxa4 Kg6 38. Rxa6 Rd7 39. Ra4 Rb7 40. Rb4 Rd7 41. Ka2 Rd5 42. Kb3 Rf5 43. Be3 d2 44. Bxd2 Rxf2 45. Bf4 Rf3+ 46. Ka4 Kf5 47. Bd2 Ke6 48. Rb3 Rf5 49. Rb6+ Kd7 50. b4 Kc7 51. Rb5 Rf2 52. Be3 Rh2 53. Bf4+ 1-0


[Site "https://www.chess.com"]

[Event "Titled Tuesday Blitz May 10 Early 2022"]
[White "Sjoberg, Isak"]
[Black "Dang, Hoang Son"]
[WhiteFideId "1521640"]
[BlackFideId "12402435"]
[WhiteElo "2037"]
[BlackElo "2252"]
[Result "0-1"]
[Round "05"]
[TimeControl "180+1"]
[Date "2022.05.11"]
[WhiteClock "0:00:22"]
[BlackClock "0:01:13"]

1. h4 Nf6 2. h5 e5 3. h6 g6 4. d3 d5 5. g3 c5 6. Bg2 Nc6 7. c4 dxc4 8. dxc4 Qxd1+ 9. Kxd1 Be6 10. b3 O-O-O+ 11. Ke1 Nb4 12. Na3 a6 13. Bg5 Be7 14. Nf3 e4 15. Nd2 Bf5 16. Rh4 Rhe8 17. Rf4 Nh5 18. Rxf5 gxf5 19. Bxe7 Rxe7 20. Bh3 e3 21. Bxf5+ Kb8 22. Ne4 Rd4 23. g4 exf2+ 24. Kxf2 Nf4 25. e3 Nfd3+ 26. Kf3 Ne5+ 27. Ke2 Rxe4 28. Bxe4 Nxg4 29. Bxh7 Rxe3+ 30. Kd2 Rh3 31. Re1 Rxh6 32. Bf5 Nf6 33. Re7 Rh2+ 34. Ke3 Rxa2 35. Nb1 Rb2 36. Nd2 Nfd5+ 37. cxd5 Nxd5+ 38. Kd3 Nxe7 0-1


[Site "https://www.chess.com"]

[Event "Titled Tuesday Blitz May 10 Early 2022"]
[White "Skliarov, Viktor"]
[Black "Migot, Tangi"]
[WhiteFideId "14106736"]
[BlackFideId "662445"]
[WhiteElo "2229"]
[BlackElo "2515"]
[Result "0-1"]
[Round "05"]
[TimeControl "180+1"]
[Date "2022.05.11"]
[WhiteClock "0:00:08"]
[BlackClock "0:00:04"]

1. e4 c5 2. Nf3 Nc6 3. Bb5 e6 4. Bxc6 bxc6 5. d3 Qc7 6. Qe2 Ne7 7. e5 f6 8. Bf4 Nf5 9. h4 fxe5 10. Nxe5 d6 11. Nc4 Be7 12. Nc3 O-O 13. O-O-O e5 14. Bg5 Nd4 15. Qd2 Be6 16. Ne3 d5 17. Bxe7 Qxe7 18. Rde1 Qf6 19. f3 Rae8 20. Nf1 Nf5 21. Qg5 Qf7 22. Rxe5 Bc8 23. Rxe8 Rxe8 24. Nd2 h6 25. Qf4 Qg6 26. g4 Nd4 27. h5 Qe6 28. b3 Rf8 29. Qg3 Qe3 30. Re1 Qg5 31. Kd1 c4 32. Re5 Qf6 33. bxc4 dxc4 34. Nxc4 Nxf3 35. Re3 Nd4 36. Ne4 Qf1+ 37. Kd2 Qa1 38. Qe5 c5 39. Nxc5 Rf2+ 40. Re2 Rxe2+ 41. Qxe2 Nxe2 42. Kxe2 Qxa2 43. Kd2 Bxg4 44. Ne4 Bxh5 45. Nc3 Qa6 46. Ne3 Qg6 47. Ne4 Bf3 48. Nd5 Qg2+ 49. Ke3 Bxe4 50. dxe4 Qxc2 51. Ne7+ Kf7 52. Nf5 a5 0-1


[Site "https://www.chess.com"]

[Event "Titled Tuesday Blitz May 10 Early 2022"]
[White "Song, Michael"]
[Black "talman67"]
[WhiteFideId "2613190"]
[WhiteElo "2274"]
[BlackElo "2254"]
[Result "0-1"]
[Round "05"]
[TimeControl "180+1"]
[Date "2022.05.11"]
[WhiteClock "0:00:26"]
[BlackClock "0:00:56"]

1. d4 Nf6 2. Bg5 d5 3. Bxf6 gxf6 4. e3 c5 5. Nf3 Nc6 6. dxc5 e6 7. c4 dxc4 8. Qxd8+ Nxd8 9. Bxc4 Bxc5 10. Ke2 a6 11. Nbd2 b5 12. Bd3 Bb7 13. Rac1 Bb6 14. Be4 Bxe4 15. Nxe4 Ke7 16. Nc5 Bxc5 17. Rxc5 Ra7 18. Rd1 Rd7 19. Nd4 Rg8 20. Kf3 Rg5 21. Rxg5 fxg5 22. Kg4 h6 23. Kh5 f5 24. Kxh6 Kf6 25. h4 gxh4 26. e4 e5 27. exf5 exd4 28. Kh5 Kxf5 29. Kxh4 d3 30. Kg3 Ke4 0-1


[Site "https://www.chess.com"]

[Event "Titled Tuesday Blitz May 10 Early 2022"]
[White "Srihari L R"]
[Black "Richter, Nils"]
[WhiteFideId "46617116"]
[BlackFideId "12990809"]
[WhiteElo "2121"]
[BlackElo "2243"]
[Result "0-1"]
[Round "05"]
[TimeControl "180+1"]
[Date "2022.05.11"]
[WhiteClock "0:00:11"]
[BlackClock "0:00:14"]

1. d4 d5 2. c4 c6 3. Nf3 Nf6 4. Qc2 g6 5. Bf4 Bg7 6. e3 O-O 7. Nc3 Bf5 8. Qb3 Qb6 9. c5 Qxb3 10. axb3 a6 11. h3 h5 12. b4 Nbd7 13. Be2 Ne4 14. Bh2 Rfe8 15. Nh4 Be6 16. g4 hxg4 17. hxg4 Ndf6 18. f3 Nxc3 19. bxc3 Bd7 20. Be5 Nh7 21. Kd2 Bxe5 22. dxe5 Ng5 23. Rag1 Kg7 24. Ng2 a5 25. Ra1 axb4 26. cxb4 Rh8 27. Rxh8 Rxh8 28. Ra7 Bc8 29. Ra8 Rh2 30. Ne1 Ne4+ 31. Kd3 Nf2+ 32. Kc3 Nxg4 33. fxg4 Rxe2 34. Nd3 Bxg4 35. Rb8 Rxe3 36. Kd2 Re4 37. Rxb7 Be6 38. Rxe7 g5 39. Rc7 g4 40. Nf2 Rxb4 41. Rxc6 g3 42. Nd3 g2 43. Nxb4 g1=Q 44. Nd3 Qg2+ 45. Kc1 d4 46. Rb6 Bc4 47. Nb2 Qf1+ 48. Kc2 Qe2+ 49. Kb1 Qe1+ 50. Kc2 Qc3+ 51. Kb1 Bd3+ 52. Nxd3 Qxd3+ 53. Kc1 Qc3+ 54. Kd1 Qxc5 55. Rb2 Qxe5 56. Rg2+ Kf6 57. Rf2+ Ke6 58. Rd2 f5 59. Ra2 f4 60. Ra6+ Kf5 61. Rh6 Ke4 62. Rh1 Qc5 63. Re1+ Kd3 64. Re2 Qc1+ 65. Kxc1 Kxe2 66. Kc2 f3 67. Kb3 f2 68. Kc4 f1=Q 69. Kxd4 Qd1+ 70. Ke5 Qd3 71. Kf4 Qd6+ 72. Kg5 Qf8 73. Kg4 Ke3 0-1


[Site "https://www.chess.com"]

[Event "Titled Tuesday Blitz May 10 Early 2022"]
[White "Stankovic, Ivan G"]
[Black "Molina, Roberto Junio Brito"]
[WhiteFideId "902837"]
[BlackFideId "2109450"]
[WhiteElo "2195"]
[BlackElo "2432"]
[Result "0-1"]
[Round "05"]
[TimeControl "180+1"]
[Date "2022.05.11"]
[WhiteClock "0:00:27"]
[BlackClock "0:00:50"]

1. e4 c6 2. d3 d5 3. Nd2 g6 4. Ngf3 Bg7 5. g3 e5 6. Bg2 Ne7 7. O-O O-O 8. h3 h6 9. Re1 d4 10. a4 Be6 11. a5 Nd7 12. Nc4 Qc7 13. b3 b5 14. axb6 axb6 15. Rxa8 Rxa8 16. Ba3 c5 17. Bb2 b5 18. Ncd2 Nc6 19. g4 Nb6 20. Nf1 c4 21. bxc4 bxc4 22. Ng3 Na4 23. Bc1 Nc3 24. Qd2 Ra2 25. Nh4 cxd3 26. Qxd3 Nb4 27. Qf3 Nxc2 28. Rf1 Bc4 29. Nhf5 Bxf1 30. Bxf1 Ra1 31. Bxh6 Ne1 32. Qh1 gxf5 33. Nxf5 Bxh6 34. Nxh6+ Kh7 35. Nf5 Qc6 36. Ng3 d3 37. Kh2 0-1


[Site "https://www.chess.com"]

[Event "Titled Tuesday Blitz May 10 Early 2022"]
[White "Stribuk, Artiom"]
[Black "Bachmann, Axel"]
[WhiteFideId "13515659"]
[BlackFideId "3700488"]
[WhiteElo "2259"]
[BlackElo "2587"]
[Result "0-1"]
[Round "05"]
[TimeControl "180+1"]
[Date "2022.05.11"]
[WhiteClock "0:00:23"]
[BlackClock "0:00:07"]

1. d4 Nf6 2. c4 g6 3. g3 Bg7 4. Bg2 O-O 5. Nf3 d6 6. O-O Nbd7 7. Nc3 e5 8. e4 exd4 9. Nxd4 Re8 10. h3 a6 11. a4 a5 12. b3 Nc5 13. Re1 c6 14. Bb2 Qb6 15. Qc2 Bd7 16. Rad1 Rad8 17. Kh2 Bc8 18. f4 Nh5 19. Nce2 Nf6 20. Ng1 Re7 21. Re2 Rde8 22. Rde1 h5 23. Bc3 h4 24. g4 g5 25. fxg5 Nh7 26. Ngf3 Qc7 27. Kh1 Qd8 28. Nxh4 Nxg5 29. Nhf5 Bxf5 30. Nxf5 Bxc3 31. Qxc3 Re5 32. Rd1 Qb6 33. Rxd6 Qxb3 34. Qd2 Nce6 35. Rf2 Nxe4 36. Bxe4 Qxh3+ 37. Rh2 Qf1# 0-1


[Site "https://www.chess.com"]

[Event "Titled Tuesday Blitz May 10 Early 2022"]
[White "Subelj, Jan"]
[Black "Estrada Nieto, Julian"]
[WhiteFideId "14618583"]
[BlackFideId "5101018"]
[WhiteElo "2328"]
[BlackElo "2252"]
[Result "1/2-1/2"]
[Round "05"]
[TimeControl "180+1"]
[Date "2022.05.11"]
[WhiteClock "0:00:05"]
[BlackClock "0:00:10"]

1. Nf3 d5 2. g3 Nf6 3. Bg2 Bf5 4. c4 c6 5. Qb3 Qb6 6. d3 Nbd7 7. O-O h6 8. Be3 Qxb3 9. axb3 a6 10. Bd4 e6 11. Nc3 Be7 12. Rfe1 O-O 13. e4 dxe4 14. dxe4 Bh7 15. e5 Ne8 16. Ne4 Nc7 17. Nfd2 Rfd8 18. Rad1 Ne8 19. c5 Nc7 20. Nd6 Bxd6 21. cxd6 Nd5 22. Nc4 Bc2 23. Rd2 Bxb3 24. Na5 Ba4 25. b3 Bb5 26. Nxb7 Rdb8 27. Nc5 Rd8 28. Ra1 Nxc5 29. Bxc5 Rd7 30. f4 Rb8 31. Kf2 Kf8 32. Ra3 Ke8 33. h4 Rdb7 34. h5 Kd7 35. Be4 Kd8 36. Kf3 Ke8 37. g4 Nb6 38. Bxb6 Rxb6 39. f5 Kd7 40. Kf4 Rf8 41. Ra1 Rbb8 42. Rc2 Rbc8 43. Rac1 Rfe8 44. Rd2 Rf8 45. g5 hxg5+ 46. Kxg5 f6+ 47. exf6 gxf6+ 48. Kf4 e5+ 49. Ke3 Rg8 50. Rh1 Rg3+ 51. Kf2 Rxb3 52. h6 Rh8 53. h7 Bc4 54. Rh6 Bd5 55. Bxd5 cxd5 56. Rxd5 Kc6 57. Rd2 Rb7 58. d7 Rxd7 59. Rxd7 Kxd7 60. Ke3 a5 61. Kd3 Ke7 62. Kc4 Kf7 63. Kb5 Kg7 64. Rg6+ Kf7 65. Rh6 Kg7 66. Rg6+ Kf7 67. Rh6 1/2-1/2


[Site "https://www.chess.com"]

[Event "Titled Tuesday Blitz May 10 Early 2022"]
[White "Suleymanli, Aydin"]
[Black "Rustemov, Alexander"]
[WhiteFideId "13413937"]
[BlackFideId "4119002"]
[WhiteElo "2481"]
[BlackElo "2712"]
[Result "1-0"]
[Round "05"]
[TimeControl "180+1"]
[Date "2022.05.10"]
[WhiteClock "0:00:13"]
[BlackClock "0:00:06"]

1. e4 e6 2. d4 d5 3. Nd2 dxe4 4. Nxe4 Bd7 5. Nf3 Bc6 6. Ng3 Nd7 7. Bd3 Ngf6 8. O-O Be7 9. Re1 O-O 10. a3 b6 11. b4 Bb7 12. Bb2 c5 13. dxc5 bxc5 14. b5 Qc7 15. c4 Rfd8 16. Qc2 Bxf3 17. gxf3 Bd6 18. Qe2 Bf4 19. a4 g6 20. Kh1 Rac8 21. a5 Be5 22. Ra3 Bxb2 23. Qxb2 Qf4 24. Bf1 Nf8 25. Rae3 Rd4 26. Ne2 Qd6 27. Nxd4 cxd4 28. Rb3 N8d7 29. b6 axb6 30. axb6 Nc5 31. Rb5 Nfd7 32. Rd1 e5 33. f4 f6 34. fxe5 fxe5 35. Bg2 Rb8 36. b7 Kg7 37. Qa3 e4 38. Qb2 Nd3 39. Rxd3 exd3 40. Rd5 Qe7 41. h3 Nf6 42. Rxd4 Qe1+ 43. Kh2 Qe2 44. Rd7+ Kh6 45. Qxf6 d2 46. Qh4+ Qh5 47. Qxh5+ Kxh5 48. Rxd2 1-0


[Site "https://www.chess.com"]

[Event "Titled Tuesday Blitz May 10 Early 2022"]
[White "Sychev, Klementy"]
[Black "Bilych, Olexiy"]
[WhiteFideId "4114060"]
[BlackFideId "14156504"]
[WhiteElo "2564"]
[BlackElo "2176"]
[Result "1-0"]
[Round "05"]
[TimeControl "180+1"]
[Date "2022.05.10"]
[WhiteClock "0:01:24"]
[BlackClock "0:00:46"]

1. e4 e5 2. f4 exf4 3. Nf3 g5 4. h4 g4 5. Ne5 Nf6 6. Nxg4 d5 7. Nxf6+ Qxf6 8. Nc3 dxe4 9. Nxe4 Qe7 10. Qe2 f5 11. Nf6+ Kf7 12. Nd5 Qd6 13. Qh5+ Kg7 14. Qg5+ Kf7 15. Nxf4 Bh6 16. Bc4+ Kf8 17. Ne6+ Bxe6 18. Qf6+ Ke8 19. Qxh8+ Kd7 20. Qxh7+ Kd8 21. Qxh6 Qg3+ 22. Kf1 Bxc4+ 23. d3 Bd5 24. Qg5+ 1-0


[Site "https://www.chess.com"]

[Event "Titled Tuesday Blitz May 10 Early 2022"]
[White "Toncheva, Nadya"]
[Black "Kohler, Aran"]
[WhiteFideId "2924056"]
[BlackFideId "1002856"]
[WhiteElo "1888"]
[BlackElo "2309"]
[Result "1-0"]
[Round "05"]
[TimeControl "180+1"]
[Date "2022.05.11"]
[WhiteClock "0:00:03"]
[BlackClock "0:00:02"]

1. e4 c5 2. Nf3 d6 3. c3 Nf6 4. Bd3 e5 5. O-O Nc6 6. Bc2 Bg4 7. h3 Bxf3 8. Qxf3 Be7 9. d3 O-O 10. Be3 d5 11. Nd2 d4 12. Bg5 Nd7 13. Bxe7 Qxe7 14. Rfe1 Kh8 15. Nf1 g6 16. Ng3 f6 17. h4 Rf7 18. h5 Nf8 19. Bb3 Ne6 20. Qg4 Re8 21. hxg6 hxg6 22. Qxg6 Rg8 23. Qh5+ Rh7 24. Qf5 Ncd8 25. Kf1 Rg5 26. Qf3 Nf4 27. cxd4 cxd4 28. Rec1 Nc6 29. a3 Rh2 30. Ke1 Qh7 31. Kd2 Qh6 32. Kc2 Na5 33. Bd5 Nc6 34. Rh1 Rg7 35. Rxh2 Qxh2 36. Rh1 Qxh1 37. Nxh1 Rxg2 38. Ng3 1-0


[Site "https://www.chess.com"]

[Event "Titled Tuesday Blitz May 10 Early 2022"]
[White "Tristan, Leonardo"]
[Black "Bas Mas, Jose Joaquin"]
[WhiteFideId "113816"]
[BlackFideId "22219064"]
[WhiteElo "2404"]
[BlackElo "2233"]
[Result "1-0"]
[Round "05"]
[TimeControl "180+1"]
[Date "2022.05.11"]
[WhiteClock "0:00:04"]
[BlackClock "0:00:04"]

1. d4 Nf6 2. Nf3 g6 3. Bf4 Bg7 4. e3 d6 5. Be2 O-O 6. O-O Nfd7 7. e4 Nc6 8. Nc3 e5 9. Bg5 f6 10. Be3 Kh8 11. Qd2 f5 12. Bg5 Qe8 13. Nd5 fxe4 14. Nxc7 Qf7 15. dxe5 Ndxe5 16. Nxe5 Qxc7 17. Nxc6 bxc6 18. Bf4 Be6 19. c3 Rad8 20. Rad1 Qa5 21. a3 d5 22. Bh6 Qb6 23. Bxg7+ Kxg7 24. Qd4+ Qxd4 25. cxd4 c5 26. dxc5 d4 27. Ba6 Bb3 28. Rc1 d3 29. Rc3 d2 30. Rxb3 d1=Q 31. Rxd1 Rxd1+ 32. Bf1 Rc8 33. Rc3 Rd5 34. b4 Rd1 35. g4 h5 36. g5 Kf7 37. Kg2 Ke6 38. Ba6 Rc7 39. Re3 Ke5 40. Be2 Rd2 41. Bf3 Rd4 42. Kg3 Kf5 43. Bg2 Rd3 44. Bxe4+ Kxg5 45. Bxd3 Rf7 46. f4+ Kh6 47. Re5 h4+ 48. Kg4 Rxf4+ 49. Kxf4 g5+ 50. Rxg5 1-0


[Site "https://www.chess.com"]

[Event "Titled Tuesday Blitz May 10 Early 2022"]
[White "Van den Dikkenberg, Erik"]
[Black "Shukhman, Anna"]
[WhiteFideId "1005880"]
[BlackFideId "54180058"]
[WhiteElo "2118"]
[BlackElo "1726"]
[Result "0-1"]
[Round "05"]
[TimeControl "180+1"]
[Date "2022.05.11"]
[WhiteClock "0:00:09"]
[BlackClock "0:00:37"]

1. e4 c5 2. Nc3 e6 3. f4 d5 4. Nf3 dxe4 5. Nxe4 Nc6 6. Bb5 Nf6 7. Bxc6+ bxc6 8. Qe2 Be7 9. O-O O-O 10. d3 Rb8 11. b3 Nd5 12. Ne5 Bb7 13. Kh1 f6 14. Nc4 Qd7 15. Bb2 Rfe8 16. Rae1 Ba6 17. a3 Bf8 18. Qf3 Rbd8 19. Ne3 Nxe3 20. Rxe3 Qf7 21. Qg3 Kh8 22. Rfe1 Bc8 23. Qh4 Be7 24. Rh3 h6 25. Rg3 e5 26. fxe5 f5 27. Ng5 Qg6 28. Bc1 Rd4 29. Qh3 f4 30. Qh4 fxg3 31. Qxg3 Bxg5 32. Bxg5 Qxg5 33. Qf2 Be6 0-1


[Site "https://www.chess.com"]

[Event "Titled Tuesday Blitz May 10 Early 2022"]
[White "Vignesh, N R"]
[Black "Shimanov, Aleksandr"]
[WhiteFideId "25012215"]
[BlackFideId "4198603"]
[WhiteElo "2363"]
[BlackElo "2605"]
[Result "1/2-1/2"]
[Round "05"]
[TimeControl "180+1"]
[Date "2022.05.10"]
[WhiteClock "0:00:11"]
[BlackClock "0:00:08"]

1. d4 Nf6 2. c4 g6 3. g3 Bg7 4. Bg2 O-O 5. Nc3 c5 6. dxc5 Na6 7. Nf3 Nxc5 8. O-O d6 9. Be3 Be6 10. b3 Rb8 11. Rc1 a6 12. Qd2 b5 13. cxb5 axb5 14. Nd4 Bd7 15. b4 Ne6 16. Nc6 Bxc6 17. Bxc6 Ng4 18. Nxb5 Ne5 19. a4 Nxc6 20. Rxc6 Qd7 21. Rfc1 d5 22. Nd4 Nd8 23. Ra6 e5 24. Nb5 d4 25. Bh6 Bxh6 26. Qxh6 Ne6 27. Ra7 Qd5 28. Qd2 e4 29. Nc7 Nxc7 30. Raxc7 Qb3 31. R7c4 e3 32. Qxd4 exf2+ 33. Qxf2 Qxa4 34. Rb1 Qa2 35. Rcc1 Rfe8 36. e3 Qe6 37. Rc3 Rb5 38. Rc5 Qe4 39. Rf1 Rb7 40. b5 Qxe3 41. Qxe3 Rxe3 42. Rb1 Re6 43. Rc4 h5 44. Rcb4 Reb6 45. Kf2 Re6 46. b6 Kf8 47. h4 Ke7 48. Re1 Rxe1 49. Kxe1 Kd6 50. Ke2 Kc5 51. Rb1 Rxb6 52. Rc1+ Kd6 53. Rc3 Ke6 54. Kf3 Kf6 55. Rd3 Re6 56. Rc3 Kf5 57. Rc5+ Re5 58. Rc3 f6 59. Rb3 Rd5 60. Rc3 Ke5 61. Re3+ Kf5 62. Rb3 Rc5 63. Ra3 Ke5 64. Re3+ Kd5 65. Rd3+ Ke6 66. Re3+ Kf5 67. Rd3 g5 68. hxg5 fxg5 69. g4+ hxg4+ 70. Kg3 Re5 71. Rc3 Re4 72. Rc5+ Kg6 73. Rc8 Rb4 74. Rd8 Kf6 75. Rc8 Kf5 76. Rf8+ Kg6 77. Rg8+ Kh6 78. Rh8+ Kg7 79. Ra8 Rf4 80. Rb8 Kg6 81. Rg8+ Kf5 82. Rf8+ Ke4 83. Re8+ Kd5 84. Rg8 Rf5 85. Kxg4 Re5 86. Rxg5 Rxg5+ 87. Kxg5 1/2-1/2


[Site "https://www.chess.com"]

[Event "Titled Tuesday Blitz May 10 Early 2022"]
[White "Visakh N R"]
[Black "Santos Ruiz, Miguel"]
[WhiteFideId "25012223"]
[BlackFideId "22291482"]
[WhiteElo "2448"]
[BlackElo "2486"]
[Result "1-0"]
[Round "05"]
[TimeControl "180+1"]
[Date "2022.05.10"]
[WhiteClock "0:00:06"]
[BlackClock "0:00:04"]

1. e4 c5 2. Nf3 e6 3. c4 Nc6 4. Nc3 Nf6 5. Be2 Qc7 6. O-O a6 7. d4 cxd4 8. Nxd4 h5 9. Nxc6 bxc6 10. h3 e5 11. Be3 Be7 12. Qc2 d6 13. Rfd1 Be6 14. Rac1 O-O 15. Bg5 g6 16. Qd3 Kg7 17. Nd5 Nxd5 18. cxd5 Bxg5 19. Rxc6 Qb7 20. Rxd6 Bd7 21. Qg3 Bf4 22. Qa3 a5 23. h4 Rfc8 24. g3 Bh6 25. b3 Be8 26. Qb2 f6 27. Rd3 Qc7 28. Re6 Qc1+ 29. Qxc1 Rxc1+ 30. Kg2 Kf7 31. Rf3 Bg7 32. Bc4 Rc8 33. d6 Kf8 34. Rxe5 Rd8 35. Rxa5 Rxd6 36. Ra8 Ke7 37. Bd5 Bd7 38. Ra7 Rd1 39. Bc4 R1d4 40. e5 Rb6 41. e6 Rxe6 42. Bxe6 Kxe6 43. Re3+ Kf7 44. Rc3 Kg8 45. Rcc7 1-0


[Site "https://www.chess.com"]

[Event "Titled Tuesday Blitz May 10 Early 2022"]
[White "Vlassov, Nikolai"]
[Black "Rahman, Adel"]
[WhiteFideId "4103360"]
[BlackFideId "14204177"]
[WhiteElo "2407"]
[BlackElo "2175"]
[Result "0-1"]
[Round "05"]
[TimeControl "180+1"]
[Date "2022.05.11"]
[WhiteClock "0:00:12"]
[BlackClock "0:00:09"]

1. e4 c5 2. c3 Nf6 3. e5 Nd5 4. d4 cxd4 5. cxd4 Nc6 6. Nc3 Nxc3 7. bxc3 d6 8. f4 dxe5 9. fxe5 Bf5 10. Nf3 e6 11. Bd3 Bxd3 12. Qxd3 Be7 13. Rb1 b6 14. O-O O-O 15. Rb2 Rc8 16. Rbf2 Na5 17. Nd2 f5 18. exf6 Bxf6 19. Ne4 Be7 20. Rxf8+ Bxf8 21. Ng5 g6 22. Nxe6 Qd5 23. Nxf8 Rxf8 24. Rxf8+ Kxf8 25. Bh6+ Kg8 26. Qf1 Qf7 27. Qe2 Nc4 28. Qe4 Qd7 29. Qa8+ Kf7 30. Qf8+ Ke6 31. Bg5 Kd5 32. Qf3+ Ke6 33. h4 b5 34. h5 gxh5 35. Qxh5 Qf7 36. Qe2+ Kd5 37. Bh4 Qf4 38. g3 Qc1+ 39. Kg2 Qxc3 40. Qf3+ Qxf3+ 41. Kxf3 Kxd4 42. Kf4 a5 43. Kg5 b4 44. Kh6 a4 45. Bf6+ Ne5 46. Kxh7 b3 47. axb3 a3 48. g4 a2 49. g5 a1=Q 50. g6 Qh1+ 51. Kg7 Qd5 52. b4 Ke4 53. b5 Kf5 54. Bxe5 Qxe5+ 55. Kh7 Qxb5 56. g7 Qd7 57. Kh8 Qd4 58. Kh7 Qh4+ 59. Kg8 Kg6 60. Kf8 Qf4+ 61. Kg8 Qf7+ 0-1


[Site "https://www.chess.com"]

[Event "Titled Tuesday Blitz May 10 Early 2022"]
[White "Vusatiuk, Vladimir"]
[Black "Johnson, Ben"]
[WhiteFideId "14118610"]
[BlackFideId "2010917"]
[WhiteElo "2157"]
[BlackElo "2226"]
[Result "0-1"]
[Round "05"]
[TimeControl "180+1"]
[Date "2022.05.11"]
[WhiteClock "0:00:23"]
[BlackClock "0:00:13"]

1. d4 Nf6 2. c4 e6 3. Nc3 Bb4 4. e3 O-O 5. Nf3 d5 6. Bd2 b6 7. cxd5 exd5 8. Rc1 Bf5 9. Ne5 c6 10. g4 Be6 11. Bd3 Bxc3 12. Bxc3 Ne4 13. Bb4 c5 14. Bxe4 dxe4 15. dxc5 Qf6 16. Bc3 Rd8 17. Qe2 Qh4 18. cxb6 axb6 19. h3 Rxa2 20. Nc4 Nc6 21. Nxb6 Na5 22. O-O Rb8 23. Bxa5 Rxa5 24. Nc4 Rc5 25. Kg2 h5 26. f3 exf3+ 27. Rxf3 hxg4 28. Rg3 gxh3+ 29. Kh2 Rxc4 30. Rcg1 g6 31. Qd3 Rxb2+ 32. Kh1 Rg2 33. Qd8+ Kh7 34. Qxh4+ Rxh4 35. R1xg2 hxg2+ 36. Kxg2 Rg4 37. Kf2 Rxg3 38. Kxg3 Kh6 39. Kf4 Kh5 40. e4 Kh4 41. e5 g5+ 42. Ke3 g4 43. Kd4 Kh3 44. Kc5 g3 45. Kd6 g2 46. Ke7 g1=Q 47. Kf6 Qg4 48. Ke7 Qf5 49. Kd6 Kh4 50. Ke7 Qxe5 51. Kf8 Qf5 52. Kg7 Bd5 53. Kf8 f6 54. Kg7 Qe6 55. Kh6 f5+ 56. Kg7 Qf7+ 57. Kh8 Qf8+ 58. Kh7 Qe7+ 59. Kg6 Qe6+ 60. Kh7 Kg5 61. Kg7 Qf7+ 62. Kh8 Qg8# 0-1


[Site "https://www.chess.com"]